 Dungeon Crawl Stone Soup version 0.28.0 (webtiles) character file.

Game seed: 1328149679160222862

241704 fragbeetle the Severer (level 19, -1/170 HPs)
             Began as a Hill Orc Fighter on Feb 7, 2022.
             Was the Champion of Qazlal.
             Slain by an Ice Fiend (13 damage)
             ... in an ice cave on Feb 8, 2022.
             The game lasted 02:06:21 (44369 turns).

fragbeetle the Severer (Hill Orc Fighter)          Turns: 44369, Time: 02:06:22

Health: -1/170     AC: 35    Str: 25    XL:     19   Next: 36%
Magic:  26/32      EV: 12    Int:  8    God:    Qazlal [******]
Gold:   541        SH: 17    Dex: 12    Spells: 18/18 levels left

rFire   + . .      SeeInvis .   s - +1 broad axe (elec)
rCold   + + +      Faith    .   E - +0 kite shield {rC+}
rNeg    . . .      Spirit   .   n - +4 plate armour {rC+}
rPois   .          Reflect  .   D - +0 helmet
rElec   .          Harm     .   p - +2 cloak {rF+}
rCorr   .          Rampage  .   r - +1 pair of gloves
Will    +....                   C - +2 pair of boots {Fly}
Stlth   ..........              Q - amulet of the acrobat
HPRegen 0.38/turn               k - +4 ring of evasion
MPRegen 0.23/turn               X - +4 ring of slaying

@: protected from cold, flying, studying Maces & Flails, repel missiles
A: no striking features
}: 2/15 runes: decaying, serpentine
a: Renounce Religion, Upheaval, Elemental Force, Disaster Area


You were in an ice cave.
You worshipped Qazlal.
Qazlal was exalted by your worship.
You visited 7 branches of the dungeon, and saw 33 of its levels.
You also visited: Sewer, Bailey, Ice Cave and Volcano.

You collected 4039 gold pieces.
You spent 3498 gold pieces at shops.

Inventory:

Hand Weapons
 a - a +1 glaive of flaming
 s - a +1 broad axe of electrocution (weapon)
 M - a +4 battleaxe of electrocution
 O - a +1 vampiric battleaxe
Missiles
 K - a curare-tipped dart
 V - 11 javelins
Armour
 n - a +4 plate armour of cold resistance (worn)
 p - a +2 cloak of fire resistance (worn)
 r - a +1 pair of gloves (worn)
 C - a +2 pair of boots of flying (worn)
 D - a +0 helmet (worn)
 E - a +0 kite shield of cold resistance (worn)
 S - the +0 plate armour of Uvysoplo {Will++ Str+4}
   (You bought it in a shop on level 1 of the Snake Pit)

   Str:       It affects your strength (+4).
   Will:      It greatly increases your willpower.
Jewellery
 k - a +4 ring of evasion (left hand)
 y - a ring of see invisible
 J - the ring "Sazxirch" {Fire *Corrode Dex+5}
   (You found it on level 2 of the Lair of Beasts)

   [ring of fire]

   It enhances your fire magic.
   Dex:       It affects your dexterity (+5).
   rF:        It protects you from fire.
   rC:        It makes you vulnerable to cold.
   *Corrode:  It may corrode you when you take damage.
 Q - an amulet of the acrobat (around neck)
 X - a +4 ring of slaying (right hand)
 Y - a ring of resist corrosion
 Z - a ring of willpower
Wands
 f - a wand of polymorph (20)
 q - a wand of flame (32) (quivered)
 w - a wand of digging (16)
 x - a wand of iceblast (19)
 I - a wand of mindburst (9)
 W - a wand of acid (2)
Scrolls
 c - 2 scrolls of magic mapping
 g - 21 scrolls of teleportation
 h - 4 scrolls of fog
 i - 2 scrolls of silence
 j - 9 scrolls of fear
 u - 4 scrolls of summoning
 z - 2 scrolls of blinking
Potions
 d - 5 potions of might
 e - 4 potions of attraction
 l - 5 potions of brilliance
 m - 5 potions of haste
 o - 2 potions of ambrosia
 F - 3 potions of invisibility
 L - a potion of cancellation
 N - 3 potions of lignification
 P - 2 potions of berserk rage
 R - 5 potions of curing
 T - 2 potions of magic
Miscellaneous
 b - a phantom mirror (inert)
 t - a tin of tremorstones (1/2)
 B - a lightning rod (inert)


   Skills:
 - Level 15.0 Fighting
 - Level 20.0 Axes
 - Level 20.0 Armour
 - Level 5.0 Dodging
 + Level 4.5 Shields
 + Level 19.9 Invocations
 - Level 15.0 Evocations


You had 18 spell levels left.
You didn't know any spells.
Your spell library contained the following spells:

 Spells                   Type           Power      Damage    Failure   Level
 Animate Skeleton         Necr           0%         N/A       100%        1
 Apportation              Tloc           0%         N/A       100%        1
 Foxfire                  Conj/Fire      0%         2x1d4     100%        1
 Freeze                   Ice            0%         1d3       100%        1
 Magic Dart               Conj           0%         1d3       100%        1
 Shock                    Conj/Air       0%         1d3       100%        1
 Slow                     Hex            0%         N/A       100%        1
 Sting                    Tmut/Pois      0%         1d3       100%        1
 Summon Small Mammal      Summ           0%         N/A       100%        1
 Call Imp                 Summ           0%         N/A       100%        2
 Corpse Rot               Necr/Air       0%         N/A       100%        2
 Poisonous Vapours        Pois/Air       0%         N/A       100%        2
 Confusing Touch          Hex            0%         N/A       100%        3
 Conjure Flame            Conj/Fire      0%         6-21      100%        3
 Dazzling Flash           Conj/Hex       0%         N/A       100%        3
 Frozen Ramparts          Ice            0%         1d2       100%        3
 Gell's Gravitas          Tloc           0%         N/A       100%        3
 Inner Flame              Hex/Fire       0%         N/A       100%        3
 Lesser Beckoning         Tloc           0%         N/A       100%        3
 Mephitic Cloud           Conj/Pois/Air  0%         N/A       100%        3
 Spider Form              Tmut/Pois      0%         N/A       100%        3
 Swiftness                Air            0%         N/A       100%        3
 Teleport Other           Tloc           0%         N/A       100%        3
 Tukima's Dance           Hex            0%         N/A       100%        3
 Vampiric Draining        Necr           0%         2d6       100%        3
 Airstrike                Air            0%         N/A       100%        4
 Anguish                  Hex/Necr       0%         N/A       100%        4
 Dispel Undead            Necr           0%         3d6       100%        4
 Flame Wave               Conj/Fire      0%         2d4       100%        4
 Hailstorm                Conj/Ice       0%         3d3       100%        4
 Ice Form                 Ice/Tmut       0%         N/A       100%        4
 Summon Lightning Spire   Summ/Air       0%         N/A       100%        4
 Agony                    Necr           0%         N/A       100%        5
 Blade Hands              Tmut           0%         N/A       100%        5
 Fireball                 Conj/Fire      0%         3d3       100%        5
 Irradiate                Conj/Tmut      0%         3d13      100%        5
 Iskenderun's Battlesphe  Conj           0%         2d6       100%        5
 Lightning Bolt           Conj/Air       0%         1d11      100%        5
 Silence                  Hex/Air        0%         N/A       100%        5
 Yara's Violent Unravell  Hex/Tmut       0%         3d3       100%        5
 Conjure Ball Lightning   Conj/Air       0%         3x3d6     100%        6
 Death Channel            Necr           0%         N/A       100%        6
 Simulacrum               Ice/Necr       0%         N/A       100%        6
 Statue Form              Tmut/Erth      0%         N/A       100%        6
 Dragon Form              Tmut           0%         N/A       100%        7
 Enfeeble                 Hex            0%         N/A       100%        7
 Orb of Destruction       Conj           0%         9d5       100%        7


Dungeon Overview and Level Annotations

Branches:
Dungeon (15/15)            Temple (1/1) D:6            Lair (6/6) D:10
  Swamp (4/4) Lair:4        Snake (4/4) Lair:3        Slime (0/5) Lair:6
    Orc (2/2) D:12            Elf (1/3) Orc:2        Vaults (0/5) D:14
 Depths (0/4) D:15          Sewer (visited)          Bailey (visited)
  IceCv (1/1)             Volcano (visited)

Altars:
Ashenzari
Cheibriados
Dithmenos
Elyvilon
Fedhas
Gozag
Hepliaklqana
Kikubaaqudgha
Makhleb
Nemelex Xobeh
Okawaru
Qazlal
Ru
Sif Muna
Trog
Uskayaw
Vehumet
Wu Jian
Xom
Yredelemnul
Zin
The Shining One
Jiyva

Shops:
D:8 *   Orc:1 *   Orc:2 *:!*   Snake:1 (!?[   Snake:3 :(*(:   Snake:4 =:=

Annotations:
D:6 exclusion: downstairs
D:7 3 runed translucent doors, esper6's ghost, novice VSBr
Lair:1 2 transporters
Lair:5 exclusion: ice statue
Swamp:2 2 runed translucent doors, Zenkrye's ghost, adept HOFi


Message History

You feel strangely unstable.
You feel better.
You feel better. The Ice Fiend gestures at you.
You hear a sizzling sound!
Aiming: Mindburst
Press: ? - help, Shift-Dir - straight line, f - you
Okay, then.
Unknown command.
Aiming: Corrosive Bolt
Press: ? - help, Shift-Dir - straight line, f - Ice Fiend
Aim: an Ice Fiend (lightly wounded, 89% to hit)
The bolt of acid hits the Ice Fiend!!
The Ice Fiend is moderately wounded.
Okay, then.
Unknown command.
Aiming: Upheaval
Press: ? - help, Dir - move target, f/p - Ice Fiend
Aim: an Ice Fiend (moderately wounded)
A storm cloud blasts the area with cutting wind!
The cutting wind hits the Ice Fiend!
The Ice Fiend is heavily wounded.
You feel yourself slow down.
Aiming: Upheaval
Press: ? - help, Dir - move target, p - Ice Fiend The ground shakes violently, spewing rubble!
The blast of rubble hits the Ice Fiend!
The Ice Fiend is heavily wounded.
Your surroundings seem slightly different.
The Ice Fiend claws you.
* * * LOW HITPOINT WARNING * * *
The Ice Fiend freezes you! You resist.
* * * LOW HITPOINT WARNING * * *
The Ice Fiend claws you!
* * * LOW HITPOINT WARNING * * *
The Ice Fiend freezes you! You resist.
You feel more protected from cold.
* * * LOW HITPOINT WARNING * * *
You feel better. The Ice Fiend claws you!
You die...

#'###'#...#'###'#
#...#.#...#.#...#
###.###...###.###
#...#...#...#
###'#...#'###
#⌠.##+##.⌠#
###..#...#..###
#§####...####.#
##.@1..........##
#..☼§...........#
#.○.○...........#
#.......⌠.......#
#...............#
#...............#
##.............#
#.............#
##...........##


You could see an Ice Fiend.

Vanquished Creatures
  Vashnia (Snake:4)
  An Ice Fiend (IceCv)
  Kirke (Lair:5)
  Roxanne (Snake:2)
  6 nagarajas
  Aizul (Snake:2)
  A ghoul (Swamp:1)
  A very ugly thing (IceCv)
  Nessos (Orc:2)
  An eleionoma (Swamp:2)
  2 deep elf annihilators (Elf:1)
  A bunyip (Swamp:2)
  A dire elephant (Lair:6)
  A minotaur (Lair:2)
  Snorg (D:10)
  An ettin (Orc:2)
  3 fire dragons
  A caustic shrike simulacrum (IceCv)
  13 naga warriors
  3 boulder beetles
  15 hydras
  Harold (D:7)
  An ice dragon (Lair:5)
  A salamander tyrant (Snake:3)
  Erica (Lair:2)
  10 anacondas
  3 ghost crabs
  2 catoblepae
  A spriggan air mage (Swamp:3)
  5 centaur warriors
  2 death knights
  An ogre mage (D:14)
  2 dancing weapons (Elf:1)
  9 alligators
  10 two-headed ogres
  A tengu warrior (D:14)
  10 shock serpents
  9 death yaks
  Urug (Lair:5)
  22 naga sharpshooters
  6 orc high priests
  7 spriggans
  4 deep elf knights (Elf:1)
  3 goliath frogs
  4 salamander mystics
  A skeletal warrior (D:14)
  4 spriggan druids
  2 fire crabs (Swamp:4)
  9 swamp dragons
  A spectral anaconda (Lair:6)
  5 naga ritualists
  3 obsidian statues
  A lindwurm (Swamp:4)
  11 bog bodies
  A deep elf archer (Elf:1)
  9 orc knights
  A phantasmal warrior (D:13)
  6 deep elf pyromancers
  3 necromancers (Lair:6)
  10 ugly things (D:15)
  3 mana vipers
  3 cyclopes
  9 deep elf zephyrmancers
  An orc sorcerer (Orc:1)
  15 salamanders
  27 black mambas
  4 guardian serpents
  16 elephants (Lair:6)
  A torpor snail (Lair:5)
  9 naga magi
  An ice statue (D:13)
  A dire elephant zombie (Lair:6)
  Maurice (Orc:2)
  2 gargoyles
  2 rime drakes
  A kobold demonologist (D:14)
  12 cane toads
  14 komodo dragons
  A dire elephant skeleton (Lair:6)
  A tengu conjurer (D:14)
  6 freezing wraiths
  An ice devil (IceCv)
  An anaconda simulacrum (IceCv)
  4 golden dragon simulacra (IceCv)
  6 trolls
  A meliai (shapeshifter) (D:14)
  A polar bear (shapeshifter) (D:14)
  3 bloated husks (Swamp:3)
  6 polar bears
  5 hornets
  Prince Ribbit (D:6)
  A hornet (shapeshifter) (D:14)
  7 tyrant leeches
  29 blink frogs
  6 dream sheep (Lair:4)
  A spectral elephant (Lair:6)
  20 slime creatures
  52 yaks
  4 wyverns
  A shadow (D:12)
  4 water elementals (Elf:1)
  3 wraiths
  2 hogs (Lair:5)
  2 steam dragons
  Grum (D:8)
  3 fire bats (Volcano)
  A basilisk (Lair:5)
  A minotaur simulacrum (IceCv)
  2 redbacks (D:14)
  A death yak simulacrum (Lair:6)
  8 vampire mosquitoes
  A harpy simulacrum (IceCv)
  2 hydra simulacra (IceCv)
  38 nagas
  2 wargs
  20 swamp worms
  A spectral cane toad (Lair:6)
  An acid dragon (D:11)
  25 water moccasins
  10 ice beasts
  Duvessa (D:7)
  52 orc warriors
  2 black bears
  A hell hound (Volcano)
  An elephant zombie (Lair:6)
  16 swamp drakes
  A necrophage (Swamp:2)
  3 ettin simulacra (IceCv)
  5 boggarts
  6 ogres
  A sky beast (D:7)
  11 wolves
  20 centaurs
  An elephant skeleton (Lair:6)
  4 phantoms
  4 kobold brigands
  An earth elemental (Elf:1)
  A gnoll sergeant (D:8)
  13 bullfrogs
  A cane toad simulacrum (Lair:6)
  A wyvern skeleton (D:7)
  3 scorpions
  Dowan (D:7)
  An elephant simulacrum (Lair:6)
  7 wights
  2 electric eels
  4 howler monkeys
  2 bullfrog zombies (D:5)
  22 orc priests
  5 centaur skeletons
  4 centaur zombies
  2 jellies (D:5)
  Ijyb (D:3)
  3 hounds
  Jessica (D:3)
  A gnoll shaman (D:6)
  2 iguanas
  16 orc wizards
  10 hell rats
  A howler monkey zombie (D:8)
  9 gnolls
  A howler monkey skeleton (D:4)
  13 adders
  8 river rats (Sewer)
  2 white imps
  An ufetubus (D:6)
  4 worms
  5 dart slugs
  72 orcs
  4 endoplasms
  3 giant cockroaches (D:1)
  6 goblins
  5 hobgoblins
  6 jackals
  6 quokkas
  13 ball pythons
  3 bats
  5 frilled lizards
  26 kobolds
  27 rats
  A bush (Lair:3)
1102 creatures vanquished.

Vanquished Creatures (collateral kills)
  Bai Suzhen (Snake:3)
  Mlioglotl (Snake:3)
  Louise (Snake:4)
  A deep elf death mage (Elf:1)
  A salamander tyrant (Snake:2)
  2 hydras
  A naga warrior (Snake:2)
  2 death yaks (Lair:6)
  A deep elf knight (Elf:1)
  A deep elf pyromancer (Elf:1)
  2 salamanders (Snake:2)
  2 yaks (Lair:6)
16 creatures vanquished.

Vanquished Creatures (others)
  Pikel (D:5)
  A bloated husk (Swamp:3)
  A swamp drake (Swamp:4)
  A boggart (D:14)
  A centaur (D:11)
  A jelly (D:5)
  2 orc wizards
  4 demonic plants (D:1)
  33 fungi
  74 plants
  40 withered plants
159 creatures vanquished.

Grand Total: 1277 creatures vanquished

Notes
Turn   | Place    | Note
-------+----------+-------------------------------------------
     0 | D:1      | fragbeetle the Hill Orc Fighter began the quest for the
                  | Orb.
     0 | D:1      | Reached XP level 1. HP: 19/19 MP: 1/1
    94 | D:1      | Found a faded altar of an unknown god.
    97 | D:1      | Reached XP level 2. HP: 26/26 MP: 2/2
   234 | D:1      | Reached XP level 3. HP: 28/31 MP: 3/3
   422 | D:1      | Reached skill level 5 in Axes
   851 | D:2      | Noticed an ogre
   866 | D:2      | Killed an ogre
   867 | D:2      | Reached XP level 4. HP: 27/39 MP: 4/4
   867 | D:2      | Reached XP level 5. HP: 31/45 MP: 5/5
  1471 | D:3      | Found a blossoming altar of Fedhas.
  1513 | D:3      | Noticed Jessica
  1522 | D:3      | Killed Jessica
  1718 | D:3      | Noticed Ijyb
  1734 | D:3      | Killed Ijyb
  1735 | D:3      | Reached XP level 6. HP: 11/51 MP: 6/6
  2197 | D:3      | Found a stormy altar of Qazlal.
  2262 | D:3      | Became a worshipper of Qazlal Stormbringer
  2298 | D:3      | Found an ancient bone altar of Kikubaaqudgha.
  2329 | D:3      | Found an ornate altar of the Wu Jian Council.
  2602 | D:4      | Found a glowing drain.
  2619 | Sewer    | Entered a sewer
  3194 | Sewer    | Reached * piety under Qazlal
  3352 | Sewer    | Reached XP level 7. HP: 47/57 MP: 7/7
  3353 | Sewer    | Reached skill level 10 in Axes
  3653 | D:4      | Reached ** piety under Qazlal
  4081 | D:4      | Reached XP level 8. HP: 40/64 MP: 8/8
  4278 | D:5      | Entered Level 5 of the Dungeon
  5351 | D:6      | Found a staircase to the Ecumenical Temple.
  5363 | D:6      | Reached XP level 9. HP: 40/70 MP: 9/9
  5627 | D:6      | Reached *** piety under Qazlal
  5662 | D:6      | Reached skill level 15 in Axes
  5779 | D:6      | Identified the +2 ring mail of Valiance {rN+}
  5922 | D:6      | Noticed Prince Ribbit
  5939 | D:6      | Killed Prince Ribbit
  6194 | D:6      | Found a burning altar of Makhleb.
  6225 | D:6      | Noticed Pikel
  6262 | D:5      | Killed Pikel
  6407 | D:6      | Reached skill level 5 in Armour
  6610 | D:7      | Noticed Duvessa
  6610 | D:7      | Noticed Dowan
  6669 | Temple   | Entered the Ecumenical Temple
  6883 | D:7      | Killed Duvessa
  6884 | D:7      | Reached XP level 10. HP: 34/77 MP: 7/10
  6889 | D:7      | Killed Dowan
  7181 | D:7      | Noticed Harold
  7181 | D:7      | Paralysed by Harold for 7 turns
  7197 | D:7      | Paralysed by Harold for 7 turns
  7473 | D:8      | Found a snail-covered altar of Cheibriados.
  7681 | D:7      | Found a runed translucent gate.
  7682 | D:7      | Found a runed translucent gate.
  7702 | D:7      | Killed Harold
  7703 | D:7      | Reached skill level 10 in Armour
  7703 | D:7      | Reached skill level 1 in Invocations
  7842 | D:7      | Reached **** piety under Qazlal
  8029 | D:7      | Noticed esper6's ghost (novice VSBr)
  8039 | D:7      | Found a runed translucent gate.
  8203 | D:7      | Noticed a centaur warrior
  8210 | D:7      | Killed a centaur warrior
  8211 | D:7      | Reached skill level 5 in Invocations
  8800 | D:8      | Found Minutup's General Store.
  8808 | D:8      | Bought a scroll of teleportation for 42 gold pieces
  9000 | D:8      | Noticed Grum
  9006 | D:8      | Killed Grum
  9176 | D:8      | Found a bloodstained altar of Trog.
  9177 | D:8      | Found a radiant altar of Vehumet.
  9443 | D:8      | Reached XP level 11. HP: 75/82 MP: 15/17
  9516 | D:9      | Noticed a two-headed ogre
  9517 | D:9      | Found a flagged portal.
  9526 | Bailey   | Entered a bailey
  9633 | Bailey   | Noticed an orc knight
  9642 | Bailey   | Killed an orc knight
  9720 | Bailey   | Reached skill level 10 in Invocations
  9933 | Bailey   | Found a large runed translucent door.
  9933 | Bailey   | Found a large runed translucent door.
  9934 | Bailey   | Noticed a deep elf zephyrmancer
 10025 | Bailey   | Killed a deep elf zephyrmancer
 10183 | D:9      | Reached skill level 5 in Fighting
 10748 | D:9      | Killed a two-headed ogre
 10857 | D:9      | Reached ***** piety under Qazlal
 11123 | D:10     | Entered Level 10 of the Dungeon
 11134 | D:10     | Noticed Snorg
 11147 | D:10     | Killed Snorg
 11274 | D:10     | Noticed a two-headed ogre
 11278 | D:10     | Killed a two-headed ogre
 11380 | D:10     | Found a staircase to the Lair.
 11389 | Lair:1   | Entered Level 1 of the Lair of Beasts
 11395 | Lair:1   | Noticed a four-headed hydra
 11415 | D:10     | Identified the +0 robe of Buemukio {Int+2 Dex+4 Slay+2}
 11433 | D:10     | Reached skill level 10 in Fighting
 11434 | D:10     | Reached skill level 1 in Evocations
 11775 | D:10     | Reached XP level 12. HP: 90/106 MP: 19/19
 12072 | D:11     | Found a white marble altar of Elyvilon.
 12208 | D:11     | Noticed a five-headed hydra
 12214 | D:11     | Killed a five-headed hydra
 12215 | D:11     | Reached skill level 5 in Evocations
 13353 | D:12     | Found a staircase to the Orcish Mines.
 13936 | Lair:1   | Killed a four-headed hydra
 14031 | Lair:1   | Reached skill level 10 in Evocations
 14526 | Lair:1   | Reached XP level 13. HP: 60/113 MP: 20/20
 14754 | Lair:1   | Found a transporter.
 14786 | Lair:1   | Found a transporter.
 15873 | Lair:2   | Found a runed translucent door.
 16321 | Lair:2   | Identified the ring "Sazxirch" {Fire *Corrode Dex+5}
 16550 | Lair:2   | Noticed Erica
 16566 | Lair:2   | Killed Erica
 16774 | Lair:2   | Noticed a minotaur
 16779 | Lair:2   | Killed a minotaur
 16942 | Lair:3   | Reached skill level 15 in Armour
 17181 | Lair:3   | Found a staircase to the Snake Pit.
 17200 | Lair:3   | Reached ****** piety under Qazlal
 17277 | Lair:3   | Found a dark tunnel.
 17289 | Volcano  | Entered a volcano
 17343 | Volcano  | Reached XP level 14. HP: 91/122 MP: 20/22
 19504 | Lair:4   | Found a staircase to the Swamp.
 19865 | Lair:5   | Noticed Urug
 19868 | Lair:5   | Killed Urug
 19907 | Lair:5   | Identified the +1 robe of Midnight {rF- rN++}
 20077 | Lair:5   | Noticed Kirke
 20091 | Lair:5   | Killed Kirke
 20657 | Lair:6   | Entered Level 6 of the Lair of Beasts
 20928 | Lair:6   | Reached XP level 15. HP: 108/134 MP: 16/25
 21206 | Lair:6   | Identified a scroll of acquirement
 21206 | Lair:6   | Acquired 881 gold pieces
 21870 | Lair:6   | Found a viscous altar of Jiyva.
 21870 | Lair:6   | Found a staircase to the Slime Pits.
 23166 | Orc:1    | Entered Level 1 of the Orcish Mines
 23653 | Orc:1    | Found Vuhutrar's Assorted Antiques.
 23692 | Orc:2    | Entered Level 2 of the Orcish Mines
 23693 | Orc:2    | Noticed Maurice
 23695 | Orc:2    | Killed Maurice
 23805 | Orc:2    | Noticed Nessos
 23828 | Orc:2    | Killed Nessos
 24145 | Orc:2    | Found a staircase to the Elven Halls.
 24484 | Orc:2    | Reached skill level 15 in Invocations
 25956 | Orc:2    | Found Toulux's Book Emporium.
 25959 | Orc:2    | Found Ixoch's Distillery.
 25960 | Orc:2    | Found Nufemi's Assorted Antiques.
 25961 | Orc:2    | Found Hiasi's Assorted Antiques.
 25964 | Orc:2    | Bought a scroll of magic mapping for 91 gold pieces
 25964 | Orc:2    | Bought a scroll of teleportation for 78 gold pieces
 25964 | Orc:2    | Bought a scroll of identify for 52 gold pieces
 25964 | Orc:2    | Bought a scroll of identify for 52 gold pieces
 25964 | Orc:2    | Bought a pair of glowing boots for 195 gold pieces
 25967 | Orc:2    | Bought a twisted hand axe for 208 gold pieces
 25967 | Orc:2    | Identified the +2 hand axe "Ufidang" {drain, *Noise Fly
                  | rN+} (You bought it in a shop on level 2 of the Orcish
                  | Mines)
 25974 | Orc:2    | Bought 2 potions of heal wounds for 120 gold pieces
 25980 | Orc:2    | Bought a potion of heal wounds for 130 gold pieces
 25980 | Orc:2    | Bought a bubbling purple potion for 23 gold pieces
 25986 | Orc:2    | Bought a copper ring for 140 gold pieces
 26271 | Orc:1    | Bought a tin of tremorstones (2/2) for 1160 gold pieces
 26517 | Swamp:1  | Entered Level 1 of the Swamp
 26545 | Swamp:1  | Reached skill level 15 in Fighting
 26806 | Swamp:1  | Reached XP level 16. HP: 149/149 MP: 27/27
 27733 | Swamp:1  | Reached skill level 15 in Evocations
 28205 | Swamp:2  | Found a large runed translucent door.
 28205 | Swamp:2  | Found a large runed translucent door.
 28206 | Swamp:2  | Noticed Zenkrye's ghost (adept HOFi)
 28213 | Swamp:2  | Reached skill level 1 in Dodging
 29633 | Swamp:4  | Entered Level 4 of the Swamp
 29671 | Swamp:3  | Reached skill level 5 in Dodging
 30623 | Swamp:4  | Got a decaying rune of Zot
 31656 | Snake:1  | Entered Level 1 of the Snake Pit
 31685 | Snake:1  | Reached XP level 17. HP: 103/156 MP: 28/28
 32349 | Snake:1  | Found Hoynt's Antique Armour Boutique.
 32351 | Snake:1  | Found Xuonyes's Magic Scroll Boutique.
 32351 | Snake:1  | Found Tiug's Distillery.
 32354 | Snake:1  | Found Pehiapn's Antique Weapon Shop.
 32365 | Snake:1  | Bought a scroll of blinking for 105 gold pieces
 32365 | Snake:1  | Bought a scroll of blinking for 105 gold pieces
 32365 | Snake:1  | Bought a scroll of magic mapping for 49 gold pieces
 32365 | Snake:1  | Bought a scroll of magic mapping for 49 gold pieces
 32365 | Snake:1  | Bought a scroll of teleportation for 42 gold pieces
 33229 | Snake:1  | Bought a distressingly furry plate armour for 812 gold
                  | pieces
 33229 | Snake:1  | Identified the +0 plate armour of Uvysoplo {Will++ Str+4}
                  | (You bought it in a shop on level 1 of the Snake Pit)
 33285 | Snake:2  | Noticed Aizul
 34095 | Snake:2  | Killed Aizul
 35041 | Snake:2  | Identified Roxanne's Reference Book on Transformation
 35041 | Snake:2  | Noticed Roxanne
 35057 | Snake:2  | Killed Roxanne
 35496 | Snake:3  | Noticed Bai Suzhen
 35513 | Snake:3  | Killed Bai Suzhen
 35579 | Snake:3  | Found Wefriod's Antique Weapon Boutique.
 35656 | Snake:3  | Found Tedeloh's Weapon Emporium.
 35664 | Snake:3  | Found a white marble altar of Elyvilon.
 35781 | Snake:3  | Found Zasoulat's Book Emporium.
 36121 | Snake:3  | Found Peekhla's Book Emporium.
 36323 | Snake:3  | Noticed Mlioglotl
 36334 | Snake:3  | Killed Mlioglotl
 36427 | Snake:3  | Found Isiryig's General Store.
 36435 | Snake:3  | Bought a scroll of teleportation for 45 gold pieces
 36989 | Snake:4  | Entered Level 4 of the Snake Pit
 36991 | Snake:4  | Noticed Vashnia
 37053 | Snake:4  | Reached XP level 18. HP: 60/163 MP: 26/29
 37825 | Snake:4  | Killed Vashnia
 38668 | Snake:4  | Found Hiwup's Book Boutique.
 38669 | Snake:4  | Found Seydieta's Jewellery Emporium.
 38669 | Snake:4  | Found Zuebatime's Jewellery Emporium.
 38720 | Snake:4  | Noticed Louise
 38761 | Snake:4  | Killed Louise
 39730 | Snake:4  | Got a serpentine rune of Zot
 40104 | Elf:1    | Entered Level 1 of the Elven Halls
 42452 | D:14     | Identified the +9 whip of Sazysk {vorpal, Str+4 Int+4}
 42606 | D:14     | Reached XP level 19. HP: 170/170 MP: 32/32
 42890 | D:14     | Found a gate to the Vaults.
 43368 | D:15     | Entered Level 15 of the Dungeon
 43461 | D:15     | Found a frozen archway.
 43632 | IceCv    | Entered an ice cave
 44298 | IceCv    | Noticed an Ice Fiend
 44300 | IceCv    | Noticed an Ice Fiend
 44362 | IceCv    | Killed an Ice Fiend
 44368 | IceCv    | HP: 6/170 [Ice Fiend (10)]
 44369 | IceCv    | Slain by an Ice Fiend

Illustrated notes

Levels and vault maps discovered:
D:1:      saegor_arrival_under_anarchy, layout_basic,
          shapermc_ecumenical_altar_gd
D:2:      layout_loops_ring
D:3:      layout_loops_ring, mainiacjoe_overflow_small_starburst,
          nicolae_kikubaaqudgha_miasma_corner,
          mainiacjoe_overflow_six_doors_small, general_overflow_altar,
          uniq_jessica, uniq_ijyb
D:4:      layout_basic, cheibrodos_sewer_entry_sluice
D:5:      layout_basic, lemuel_flamethrower_2
D:6:      layout_basic, mainiacjoe_overflow_alcove_1, temple_fountains,
          uniq_pikel, uniq_prince_ribbit1
D:7:      layout_basic, gammafunk_ghost_icy, kennysheep_nub, minmay_three_doors,
          uniq_harold, uniq_duvessa
D:8:      layout_rooms, nicolae_vehumet_radiance, mainiacjoe_overflow_chevrons,
          mainiacjoe_overflow_paths, serial_shops, nicolae_shop_hallway_stairs,
          dk_rats_in_the_wall, uniq_grum
D:9:      layout_cave_pools, enter_bailey_2, patterned_corridor
D:10:     layout_long_grid, lair_entry_dummy, hangedman_abyss_or_decor_stagger,
          uniq_snorg
D:11:     layout_irregular_city, elyvilon_altar_5
D:12:     layout_small_grid, orc_0_dummy
D:13:     layout_stronghold, minmay_statue_bubble
D:14:     layout_grid_maze, hangedman_vaults_entry_quadrant_bands,
          serial_park_gazebo [serial_park_minivault_5x5_8]
D:15:     gammafunk_enter_depths_forms, layout_stronghold,
          minmay_misc_feat_alley, portal_ice_cave_entry_pillars_1, uniq_agnes,
          uniq_jorgrun
Temple:   zaba_magenta_temple
Lair:1:   gammafunk_cloud_chamber, layout_chaotic_city
Lair:2:   dreamdust_labyrinth, layout_regular_city, serial_bayou_lagoon_a,
          nzn_sisyphean_effort, infiniplex_staircase_pool, uniq_erica
Lair:3:   layout_small_grid, dummy_snake_entry, nicolae_volcano_entry_two_sided
Lair:4:   layout_misc_corridors, nicolae_swamp_entry_splash_gauntlet,
          serial_bayou_shore_b, grunt_megastairs_2, lemuel_fruit_tree
Lair:5:   layout_loops_ring, serial_bayou_pond_a, ice2_lemuel, uniq_kirke,
          uniq_urug
Lair:6:   due_jungle_book, layout_layer_cave, slime_altar_1, grunt_megastairs_3
Swamp:1:  layout_basic_swamp, evilmike_swamp_ruin_house_1,
          hangedman_swamp_diagram, nicolae_swamp_dense_foliage
Swamp:2:  layout_basic_swamp, ebering_ghost_disaster_area,
          evilmike_swamp_ruin_house_6, swamp_pool5,
          nicolae_swamp_round_clearing, wheals_swamp_sinkhole
Swamp:3:  layout_basic_swamp, evilmike_swamp_ruin_house_4
Swamp:4:  swamp_fiery, layout_basic_swamp, swamp_pool5, grunt_hermit_hut,
          infiniplex_staircase_pool_2
Snake:1:  layout_onion, minmay_shoptagon
Snake:2:  layout_honeycomb, nicolae_snake_gridmaze_squiggle, evilmike_ambush
          [evilmike_ambush_outer_corners, evilmike_ambush_inner_pond],
          uniq_roxanne, uniq_aizul
Snake:3:  layout_chambers, basic_altar, serial_shops,
          nicolae_shop_bloodbath_and_beyond, shop, shop,
          nicolae_shop_statue_plus, shop, nicolae_snake_salamander_stairs,
          uniq_bai_suzhen, uniq_mlioglotl
Snake:4:  grunt_snake_rune_serpentine_throne, layout_cave_shapes,
          serial_bayou_shore_b, minmay_shop_grove, uniq_vashnia, uniq_louise
Orc:1:    layout_caves, serial_shops, nicolae_lakefront_shop
Orc:2:    st_orc_pillars, layout_caves, uniq_maurice, uniq_nessos
Elf:1:    minmay_elf_arrival_circle, layout_loops_corners, serial_shops,
          nicolae_shop_trees, minmay_elf_annihilation, st_stairs_1,
          kennysheep_underground_church
IceCv:    ice_cave_tombish

Skill      XL: |  1  2  3  4  5  6  7  8  9 10 11 12 13 14 15 16 17 18 19 |
---------------+----------------------------------------------------------+-----
Axes           | 3 4 6 8 9 11 14 16 18 20 | 20.0
Armour         | 7 10 11 15 18 20 | 20.0
Invocations    | 8 10 13 15 18 19 | 19.9
Fighting       | 10 12 15 | 15.0
Evocations     | 3 10 12 14 15 | 15.0
Dodging        | 5 |  5.0
Shields        | 4 |  4.5

Action                   |  1- 3 |  4- 6 |  7- 9 | 10-12 | 13-15 | 16-18 | 19-21 || total
-------------------------+-------+-------+-------+-------+-------+-------+-------++-------
Melee: War axe           |    74 |   143 |   347 |    18 |       |       |       ||   582
       Unarmed           |       |     1 |       |       |       |       |       ||     1
       Flail             |       |       |    31 |       |       |       |       ||    31
       Battleaxe         |       |       |       |   407 |   862 |  1006 |   119 ||  2394
       Dire flail        |       |       |       |     7 |       |       |       ||     7
       Glaive            |       |       |       |       |    12 |    38 |       ||    50
       Broad axe         |       |       |       |       |       |       |    85 ||    85
 Fire: Hunting sling     |       |     7 |     6 |       |       |       |       ||    13
Throw: Stone             |       |       |     1 |       |       |       |       ||     1
Invok: Upheaval          |       |       |     1 |       |     8 |     4 |     5 ||    18
       Elemental Force   |       |       |       |       |     3 |     7 |       ||    10
       Disaster Area     |       |       |       |       |     1 |     2 |       ||     3
Evoke: Wand              |       |     2 |     3 |    20 |    14 |    26 |     3 ||    68
       Lightning rod     |       |       |       |       |     4 |     6 |     4 ||    14
       Tin of tremorston |       |       |       |       |       |     6 |     2 ||     8
       Phantom mirror    |       |       |       |       |       |     1 |     1 ||     2
  Use: Potion            |       |     3 |       |     3 |     2 |     6 |     6 ||    20
       Scroll            |       |       |     1 |     8 |    16 |     7 |     3 ||    35
 Stab: Petrified         |       |       |       |       |     3 |       |       ||     3
       Paralysed         |       |       |       |       |     2 |     1 |       ||     3
       Confused          |       |       |       |       |       |     1 |       ||     1
       Distracted        |       |       |       |       |       |     1 |       ||     1
Armor: Scale mail        |    25 |    83 |   130 |    45 |       |       |       ||   283
       Skin              |       |     1 |       |       |       |       |       ||     1
       Plate armour      |       |       |       |   186 |   360 |   498 |    98 ||  1142
Dodge: Dodged            |    30 |    77 |   134 |   269 |   388 |   683 |   128 ||  1709
       Repelled          |       |       |       |       |     4 |    66 |       ||    70
Block: Buckler           |    14 |    24 |    96 |     5 |       |       |       ||   139
       Other             |       |       |       |   116 |   279 |   294 |    39 ||   728
       Kite shield       |       |       |       |       |       |       |    45 ||    45
